[Event "*** Titled Tuesday Blitz"]
[Site "Chess.com"]
[Date "2019.04.02"]
[Round "4"]
[White "Didici"]
[Black "platy3"]
[Result "0-1"]
[WhiteElo "2609"]
[BlackElo "2778"]
[TimeControl "180+2"]
[EndTime "14:50:21 PDT"]
[Termination "platy3 won by resignation"]

1. d4 Nf6 2. c4 e6 3. Nc3 Bb4 4. e3 O-O 5. Bd3 c5 6. a3 Bxc3+ 7. bxc3 d6 8. e4 Nc6 9. Ne2 b6 10. Bg5 h6 11. Bh4 e5 12. O-O Ba6 13. f4 cxd4 14.
cxd4 exd4 15. Ng3 Re8 16. Nh5 Re6 17. Bxf6 gxf6 18. Qg4+ Kf8 19. f5 Re5 20. Qg7+ Ke7 21. Qxf6+ Ke8 22. Qxh6 Kd7 23. Nf6+ Kc7 24. Nd5+ Kb7 25.
Rf3 Re8 26. Rg3 Ne5 27. Bf1 Bxc4 28. Bxc4 Nxc4 29. Rg7 Ne5 30. Rd1 d3 31. Rxd3 Nxd3 32. Rxf7+ Kc6 33. Qe3 Nc5 34. Nb4+ Kb5 35. Qe2+ Ka4 36.
Qc2+ Kb5 37. Qe2+ Ka4 38. Qd1+ Kxa3 39. Nc6 Qg5 40. Qa1+ Kb3 41. Qb1+ Kc3 42. Qa1+ Kd3 43. Qd1+ Kc4 44. Qd5+ Kb5 45. Nd4+ Kb4 46. Nc6+ Ka3 47. Nxa7 Qc1+ 48. Kf2 Nxe4+ 49. Kf3 Qf1+ 50. Kg4 Qxg2+ 0-1

[Event "*** Titled Tuesday Blitz"]
[Site "Chess.com"]
[Date "2019.04.02"]
[Round "4"]
[White "ALeks_Ivlev"]
[Black "KarstenHansch"]
[Result "1-0"]
[WhiteElo "2486"]
[BlackElo "2272"]
[TimeControl "180+2"]
[EndTime "14:50:22 PDT"]
[Termination "ALeks_Ivlev won by checkmate"]

1. d4 Nf6 2. c4 g6 3. Nf3 Bg7 4. Nc3 O-O 5. e4 d6 6. Be2 e5 7. d5 a5 8. Bg5 h6 9. Bh4 Na6 10. Nd2 Qe8 11. O-O Nh7 12. b3 Bf6 13. Bg3 Bg5 14. a3 f5 15. f3 Be3+ 16. Kh1 f4 17. Be1 g5 18. b4 Bd4 19. Nb3 Bxc3 20. Bxc3 axb4 21. axb4 Rb8 22. c5 g4 23. fxg4 Nf6 24.
h3 Nxe4 25. Be1 dxc5 26. b5 Nb4 27. Nxc5 Nxc5 28. Bxb4 Ne4 29. Be1 Rf6 30. Qc2 Nd6 31. Qxc7 Bd7 32. Qc2 Rc8 33. Qb2 Bxb5 34. Bxb5 Qxb5 35.
Bc3 Qxb2 36. Bxb2 Nc4 37. Bc3 Rd6 38. Rfb1 b6 39. Rb5 Rc5 40. Rxc5 bxc5 41. Ra4 Nb6 42. Ra6 Kf7 43. Bxe5 Rxd5 44. Rxb6 Rxe5 45. Rxh6 Re1+ 46. Kh2 c4 47. Rc6 Rc1 48. h4 c3 49. g5 c2 50.
h5 Ke7 51. h6 Kf7 52. g6+ Kg8 53. Rc8# 1-0

[Event "*** Titled Tuesday Blitz"]
[Site "Chess.com"]
[Date "2019.04.02"]
[Round "4"]
[White "Heineccius"]
[Black "Slovak_fighter2000"]
[Result "0-1"]
[WhiteElo "2478"]
[BlackElo "2483"]
[TimeControl "180+2"]
[EndTime "14:50:24 PDT"]
[Termination "Slovak_fighter2000 won by resignation"]

1. d4 d5 2. c4 e6 3. Nc3 Nf6 4. cxd5 Nxd5 5. e3 c5 6. Nf3 Nc6 7. Bc4 Be7 8. O-O cxd4 9. exd4 O-O 10. Re1 Nxc3 11. bxc3 Bf6 12. Bf4 b6 13. Qe2 Bb7 14. Rac1 Rc8 15. Bd3 g6 16. Bh6 Bg7 17. Qd2 Bxh6 18.
Qxh6 Qf6 19. h4 Qg7 20. Qf4 Rfd8 21. Be4 Na5 22. Ne5 Bxe4 23. Qxe4 Nc4 24. Nf3 Qf6 25. Qb7 a5 26. Qe4 Qf5 27. Qxf5 gxf5 28. Rb1 Rd6 29. Rb3 Kg7 30. Kf1 Rdc6 31. Ke2 Nd6 32. Kd3 Ne4 33. Rc1 Nxf2+ 34. Ke2 Ne4 35. Kd3 b5 36.
Ne5 R6c7 37. g4 Nf2+ 38. Kd2 Nxg4 39. Nxg4 fxg4 40. Rxb5 f5 41. Rxa5 Kf6 42. Ra3 g3 43. Ke2 g2 44. Kf2 Rg8 45. Rg1 Rcg7 46. c4 Rg4 47. Rd3 Rf4+ 48. Ke2 Rxh4 49. d5 Rxc4 50. d6 Rc2+ 51. Kf3 Rxa2 52. d7 Rd8 53. Rxg2 Rxg2 54.
Kxg2 Ke7 55. Rh3 Rxd7 56. Rxh7+ Kd6 57. Rh4 Ke5 58. Kf2 Rd4 59. Rh6 Ra4 60. Ke3 Ra3+ 61.
Ke2 Kd5 62. Kd2 e5 63. Rf6 Ke4 64. Rb6 f4 65. Ke2 Ra2+ 66. Ke1 Kf5 67. Rb5 f3 68. Kf1 Kf4 69. Rb8 e4 70. Rb3 e3 0-1

[Event "*** Titled Tuesday Blitz"]
[Site "Chess.com"]
[Date "2019.04.02"]
[Round "4"]
[White "gemarin"]
[Black "TheBigBadChessDad"]
[Result "0-1"]
[WhiteElo "2051"]
[BlackElo "2216"]
[TimeControl "180+2"]
[EndTime "14:50:25 PDT"]
[Termination "TheBigBadChessDad won on time"]

1. d4 Nf6 2. c4 e6 3. Nf3 b6 4. a3 Ba6 5. e3 Be7 6. Bd3 O-O 7. O-O d5 8. Nbd2 Nbd7 9. b4 dxc4 10. Nxc4 Bb7 11. Nfe5 Nxe5 12. Nxe5 c5 13. bxc5 bxc5 14. Bb2 cxd4 15. Bxd4 Qd5 16. f3 Bc5 17. Bxc5 Qxc5 18. Nc4 Ba6 19. Qe2 Nd5 20. Rfe1 Nf4 21. Bxh7+ Kxh7 22. Qc2+ Kg8 23. Rac1 Bxc4 24. Qe4 Bd5 25. Qxf4 Qxa3 26. e4 Bb7 27. Rc7 Ba6 28. h4 Qa5 29. Rec1 Rac8 30. R1c5 Qxc5+ 31. Rxc5 Rxc5 32. Qd6 Rfc8 33. Qxa6 R5c7 34. h5 Rb8 35. Qa5 Rcb7 36. Kh2 Rb5 37.
Qxa7 Rxh5+ 38. Kg3 Rhb5 39. Qe7 g6 40. Qf6 Rb2 41. Kh3 Rd2 42. g4 Rbb2 43. Kg3 Rb3 44. Kh4 Rdd3 45. f4 Rh3+ 46. Kg5 Rbg3 0-1

[Event "*** Titled Tuesday Blitz"]
[Site "Chess.com"]
[Date "2019.04.02"]
[Round "4"]
[White "Hunninn"]
[Black "GMKrikor"]
[Result "1-0"]
[WhiteElo "2629"]
[BlackElo "2734"]
[TimeControl "180+2"]
[EndTime "14:50:26 PDT"]
[Termination "Hunninn won on time"]

1. d4 Nf6 2. Nf3 e6 3. Bg5 h6 4. Bh4 d6 5. e3 g5 6. Bg3 Nh5 7. Nbd2 Bg7 8. c3 a6 9. Bd3 Nd7 10. Nf1 Qe7 11. h4 g4 12. N3d2 Nxg3 13.
Nxg3 Nf6 14. Qe2 h5 15. e4 Bh6 16. Ndf1 Bf4 17. Ne3 Bd7 18. O-O-O Bc6 19. Qc2 d5 20. e5 Nd7 21. Kb1 O-O-O 22. Qe2 Kb8 23. Nc2 Bxg3 24. fxg3 Nb6 25. Rhf1 Ba4 26. b3 Be8 27. Qf2 Rc8 28. Qf6 Qxf6 29. Rxf6 c5 30. Kb2 a5 31. Rdf1 Rc7 32.
Na3 c4 33. Bc2 Kc8 34. Nb1 Kd8 35. Nd2 cxb3 36. axb3 Ke7 37. Ra1 a4 38. bxa4 Bc6 39. a5 Nc4+ 40. Nxc4 dxc4 41. Rf2 Ra8 42. Bh7 Ra6 43.
Kc1 Rc8 44. Rfa2 Rca8 45. Kb2 Bd5 46. Bc2 Bxg2 47. Ba4 Rxa5 48. Bc2 Rxa2+ 49. Rxa2 Rxa2+ 50. Kxa2 Kd7 51. Ka3 b5 52. Kb4 Kc6 53. Bh7 Bf1 54. Bg8 Kd7 55. Bxf7 1-0

[Event "*** Titled Tuesday Blitz"]
[Site "Chess.com"]
[Date "2019.04.02"]
[Round "4"]
[White "SaraciNderim"]
[Black "TheBigBoss04"]
[Result "0-1"]
[WhiteElo "2726"]
[BlackElo "2569"]
[TimeControl "180+2"]
[EndTime "14:50:30 PDT"]
[Termination "TheBigBoss04 won by resignation"]

1. e4 g6 2. h4 Bg7 3. h5 d5 4.
h6 Bxh6 5. Qe2 Nc6 6. exd5 Qxd5 7. Nc3 Qa5 8. Nf3 Bg4 9. Qc4 Bxf3 10. gxf3 Qe5+ 11. Ne2 O-O-O 12. c3 Qf6 13. f4 e5 14. Bg2 Bxf4 15. Bxc6 Qxc6 16. Qxc6 bxc6 17. d4 Bxc1 18. Rxc1 exd4 19. Nxd4 Ne7 20. O-O c5 21. Nb3 Rd5 22. Rfe1 Nc6 23. Re4 Rhd8 24. Kg2 Rg5+ 25. Kf1 h5 26.
Rc4 Rdd5 27. Re1 Ne5 28. Rxc5 Nf3 29. Re8+ Kd7 30. Rxd5+ Rxd5 31. Rf8 Ke7 32. Rc8 Kd7 33. Rf8 Rf5 34. Kg2 h4 35. Ra8 Ng5 36. Nd4 h3+ 37.
Kg3 Rf6 38. f4 Ne4+ 39. Kxh3 Rxf4 40. Rxa7 g5 41. Nb5 g4+ 42. Kh4 g3+ 43. Kh3 Rf2 44. Rxc7+ Kd8 45. Rc4 Rh2+ 46. Kg4 g2 47. Rd4+ Kc8 48.
Na7+ Kb7 49. Rd7+ Kb6 0-1

[Event "*** Titled Tuesday Blitz"]
[Site "Chess.com"]
[Date "2019.04.02"]
[Round "4"]
[White "Fy_Rakotomaharo"]
[Black "kleinebeer98"]
[Result "0-1"]
[WhiteElo "2616"]
[BlackElo "2740"]
[TimeControl "180+2"]
[EndTime "14:50:30 PDT"]
[Termination "kleinebeer98 won by resignation"]

1. d4 d5 2. c4 Nc6 3. e3 e5 4. cxd5 Qxd5 5. Nc3 Bb4 6. Bd2 Bxc3 7. bxc3 Nf6 8. c4 Qd6 9. d5 Ne7 10. Rb1 a5 11. Nf3 O-O 12. Bc3 Ng6 13. h4 Bg4 14. Be2 c6 15. dxc6 Qxc6 16. Qb3 Ne4 17. h5 Bxf3 18. gxf3 Nxc3 19. Qxc3 Ne7 20. Qxe5 Rfe8 21. h6 gxh6 22. Qb5 Qd6 23. c5 Qe5 24. Qc4 Rac8 25.
Rc1 Ng6 26. f4 Qf6 27. Qc3 Qf5 28. Rh5 Qe4 29. Kf1 Nxf4 30. Rh2 Nxe2 31. Kxe2 Qg4+ 32.
Kf1 Qe6 33. Rg2+ Kf8 34. Rd1 Rcd8 35. Qg7+ Ke7 36. Rxd8 Rxd8 37. Rg4 Rd1+ 38. Kg2 Qd5+ 39. e4 Qh5 40. Kf3 Rg1 41. Kf4 Rxg4+ 42. Qxg4 Qxc5 43. Qh4+ Qg5+ 44. Qxg5+ hxg5+ 45. Kxg5 b5 46. e5 b4 47. f4 a4 48. f5 b3 0-1

[Event "*** Titled Tuesday Blitz"]
[Site "Chess.com"]
[Date "2019.04.02"]
[Round "4"]
[White "sofaceindisguise"]
[Black "Bryakin_Mikhail"]
[Result "0-1"]
[WhiteElo "2553"]
[BlackElo "2737"]
[TimeControl "180+2"]
[EndTime "14:50:32 PDT"]
[Termination "Bryakin_Mikhail won by resignation"]

1. c4 e5 2. g3 Nf6 3. Bg2 Nc6 4.
Nc3 g6 5. e3 Bg7 6. Nge2 O-O 7.
O-O Ne7 8. d4 exd4 9. Nxd4 d5 10.
cxd5 Nfxd5 11. Nxd5 Nxd5 12. e4 Nb6 13. Nb5 Qe7 14.
Bf4 Bxb2 15. Nxc7 Bxa1 16. Nxa8 Be5 17. Bxe5 Qxe5 18. Nxb6 axb6 19. Qd5 Qe7 20. Rb1 Be6 21. Qe5 Ra8 22. h4 Rxa2 23. h5 Qc5 24. Qb8+ Kg7 25. h6+ Kxh6 26. Qf4+ Kg7 27. e5 Bf5 28. Rc1 Rc2 29.
Rxc2 Qxc2 30. Bxb7 Qc7 31. Bf3 Qe7 32. g4 Be6 33. g5 b5 34. Kf1 b4 35. Ke1 b3 36. Qf6+ Qxf6 37. exf6+ Kf8 38. Kd2 h5 39. gxh6 Kg8 40. Kc3 Kh7 41. Bd1 Kxh6 42. f4 g5 43. f5 Bd5 44. Kd4 b2 45. Bc2 Ba2 46. Kc3 0-1

[Event "*** Titled Tuesday Blitz"]
[Site "Chess.com"]
[Date "2019.04.02"]
[Round "4"]
[White "Robin-Side"]
[Black "kuli4ik"]
[Result "0-1"]
[WhiteElo "2556"]
[BlackElo "2778"]
[TimeControl "180+2"]
[EndTime "14:50:33 PDT"]
[Termination "kuli4ik won by resignation"]

1. d4 g6 2. e4 Bg7 3. Nc3 a6 4. a4 d6 5. Be2 Nd7 6. Be3 b6 7. Qd2 Bb7 8. f3 e6 9. Nh3 h6 10. O-O Ne7 11. Nd1 c5 12. c3 Qc7 13.
Ndf2 Rd8 14. Nd3 Nc6 15. d5 exd5 16. exd5 Ne7 17. c4 Nf5 18. Bf4 Nf6 19. g4 Nd4 20.
Rae1 Kf8 21. Bd1 b5 22. axb5 axb5 23. b3 Kg8 24. Nhf2 bxc4 25. bxc4 Ba6 26. Qc1 Kh7 27. Kg2 Rhe8 28. Rxe8 Rxe8 29. Re1 Rxe1 30. Nxe1 Nd7 31. Ne4 Ne5 32. Bxe5 Bxe5 33. Nd3 Bg7 34. Nf4 Qe7 35.
Ne2 f5 36. Nxd4 fxe4 37. Ne6 exf3+ 38. Bxf3 Be5 39. Qc2 Qh4 40. Kg1 Qh3 41. Nf8+ Kg7 42. Ne6+ Kh7 43. Nf8+ Kg8 44. Qxg6+ Kxf8 45. Qf5+ Ke7 46.
Qe6+ Kd8 47. Qg8+ Kc7 48. Qf7+ Kb6 49. Be2 Bd4+ 50. Kh1 Qe3 51. Qf1 Qf2 52. Qxf2 Bxf2 53.
Kg2 Be1 54. Kf3 Ka5 55. h4 Bxh4 56. g5 Bxg5 0-1

[Event "*** Titled Tuesday Blitz"]
[Site "Chess.com"]
[Date "2019.04.02"]
[Round "4"]
[White "Dixit_Nikhil"]
[Black "Caterpiller35"]
[Result "1/2-1/2"]
[WhiteElo "2478"]
[BlackElo "2223"]
[TimeControl "180+2"]
[EndTime "14:50:34 PDT"]
[Termination "Game drawn by repetition"]

1. e4 c5 2. Nf3 g6 3. d4 cxd4 4. Qxd4 Nf6 5. Bb5 a6 6. Ba4 b5 7. Bb3 Nc6 8. Qd3 Bb7 9. O-O Bg7 10. Nc3 O-O 11. Nd5 Rc8 12. Nxf6+ Bxf6 13. Bh6 Bxb2 14. Bxf8 Qxf8 15. Rab1 Ne5 16. Nxe5 Bxe5 17. Qxd7 Bxe4 18. Rbe1 Bc6 19. Qh3 Bf6 20. Re3 a5 21. Rfe1 a4 22. Bxf7+ Kxf7 23. Qxh7+ Ke8 24. Qxg6+ Kd8 25. Rd3+ Kc7 26.
Qg3+ Kb7 27. Red1 Qh8 28. Qe3 Rg8 29. Rd7+ Kc8 30. Qa7 Rxg2+ 31. Kf1 Rg1+ 32. Kxg1 Qg8+ 33. Kf1 Qg2+ 34. Ke2 Qf3+ 35. Kf1 Qg2+ 36. Ke2 Qg4+ 37. Kf1 Bg2+ 38. Ke1 Bc3+ 39. R7d2 Bb7 40. Qc5+ Kb8 41. Qxc3 Qg1+ 42. Ke2 Qg4+ 43. f3 Qg2+ 44. Ke3 Qxf3+ 45. Kd4 Qd5+ 46. Ke3 Qf3+ 47. Kd4 Qd5+ 48. Ke3 Qf3+ 49. Kd4 Qd5+ 50. Ke3 1/2-1/2

[Event "*** Titled Tuesday Blitz"]
[Site "Chess.com"]
[Date "2019.04.02"]
[Round "4"]
[White "NCchamp"]
[Black "SergioGarciaFuentes"]
[Result "1-0"]
[WhiteElo "2177"]
[BlackElo "2046"]
[TimeControl "180+2"]
[EndTime "14:50:37 PDT"]
[Termination "NCchamp won by resignation"]

1. c4 Nf6 2. Nc3 d5 3. cxd5 Nxd5 4. g3 g6 5. Nf3 Bg7 6. Bg2 O-O 7. O-O c5 8. a3 Nc6 9. Qc2 Bg4 10. Rb1 Bxf3 11.
exf3 Nd4 12. Qd1 Rc8 13. f4 e6 14. b4 b6 15. bxc5 Rxc5 16. Ne4 Rc7 17. a4 Qd7 18. Kh1 Rfc8 19. a5 bxa5 20. Bb2 Ne7 21. Ra1 Nec6 22. Bc3 Nb4 23. Rxa5 Nbc6 24. Ra6 Qd8 25. Qa4 h6 26. Nc5 Nb8 27. Ba5 Nxa6 28. Nxa6 Qd6 29. Bxc7 Rxc7 30.
Nxc7 Qxc7 31. Ra1 h5 32. Qxa7 Qc2 33. Qa5 Nb3 34. Qd8+ Kh7 35. Re1 Qxd2 36. Qxd2 Nxd2 37. Rd1 Nb3 38. Rd7 Kg8 39. h3 Nd4 40. Kh2 Nf5 41.
Bf3 Kf8 42. g4 hxg4 43. hxg4 Ne7 44. Kg3 Ke8 45. Ra7 Bd4 46. Rb7 e5 47. Be2 exf4+ 48.
Kf3 Be5 49. Bb5+ Kf8 50. Bc4 f6 51. Ke4 g5 52. Bb3 Ke8 53. f3 Kf8 54. Kd3 Ke8 55. Kc4 Nc6 56. Ba4 1-0

[Event "*** Titled Tuesday Blitz"]
[Site "Chess.com"]
[Date "2019.04.02"]
[Round "4"]
[White "Ali_rastbod"]
[Black "Davor_Rogic"]
[Result "1-0"]
[WhiteElo "2603"]
[BlackElo "2409"]
[TimeControl "180+2"]
[EndTime "14:50:38 PDT"]
[Termination "Ali_rastbod won by resignation"]

1. c4 e5 2. Nc3 Nf6 3. Nf3 Nc6 4. e4 Bc5 5. Nxe5 Nxe5 6. d4 Bb4 7. dxe5 Nxe4 8.
Qf3 Nxc3 9. bxc3 Be7 10. Qg3 Kf8 11. Bf4 h5 12. Be2 g5 13. Be3 d6 14. O-O h4 15.
Qf3 dxe5 16. Qe4 Bf6 17. c5 c6 18. Rad1 Qe7 19. Rd6 Be6 20. c4 Kg7 21. Rfd1 Rad8 22. Bc1 Rxd6 23. cxd6 Qd7 24. Bb2 Bf5 25. Qe3 Re8 26.
Qxa7 Re6 27. c5 e4 28. Qa3 Be5 29. Bxe5+ Rxe5 30. Qc3 f6 31. a4 Be6 32. a5 Rd5 33. Rxd5 Bxd5 34. h3 Qe6 35. Bg4 Qf7 36. Bf5 Be6 37. Bxe6 Qxe6 38. Qd4 Qd7 39. Qxe4 f5 40. Qe5+ Kf7 41. Qh8 Kg6 42. Qg8+ Kf6 43. Qf8+ Ke6 44.
Qh6+ Kd5 45. Qxg5 Kxc5 46. Qxh4 Qxd6 47. Qg5 Kb4 48. Qxf5 c5 49. Qb1+ Kxa5 50. Qxb7 c4 51. Qa7+ Kb4 52. Qb7+ Ka3 53. Qa6+ Kb3 54. Qxd6 1-0

[Event "*** Titled Tuesday Blitz"]
[Site "Chess.com"]
[Date "2019.04.02"]
[Round "4"]
[White "EvgenyT"]
[Black "robbykevlishvili"]
[Result "0-1"]
[WhiteElo "2932"]
[BlackElo "2841"]
[TimeControl "180+2"]
[EndTime "14:50:39 PDT"]
[Termination "robbykevlishvili won by resignation"]

1. e4 c5 2. Nf3 d6 3. Bb5+ Nd7 4. O-O a6 5. Bd3 Ngf6 6. Re1 e6 7. Bf1 b5 8. a4 Bb7 9. d3 Be7 10. c3 O-O 11.
Nbd2 Re8 12. Nb3 Bf8 13. Bf4 Qb6 14. Nbd2 Bc6 15. h3 Qb7 16. Nb3 Qb6 17. Nbd2 Qb7 18. Qc2 h6 19. Bh2 Red8 20. Bg3 Qb6 21. d4 cxd4 22.
Nxd4 Nc5 23. a5 Qb7 24. Nxc6 Qxc6 25. b4 Ncd7 26. c4 Rdc8 27. Qd3 bxc4 28. Qxc4 Qb7 29. Qb3 d5 30. b5 Nc5 31. Qb1 axb5 32. exd5 Qxd5 33.
Rd1 Na4 34. Nc4 Qc5 35. Nd6 Nc3 36. Qb3 Nxd1 37. Nxc8 Nxf2 38. Bxf2 Qxc8 39. Qxb5 Ne4 40. Bb6 Qc3 41. Rd1 Bc5+ 42. Bxc5 Nxc5 43. a6 Qe3+ 44. Kh1 Ne4 45. Qc6 Nf2+ 46. Kh2 Rf8 47. Ra1 Qe5+ 48.
g3 Qxa1 49. Qb5 Ne4 50. Bg2 Nc3 51. Qc4 Nd5 0-1

[Event "*** Titled Tuesday Blitz"]
[Site "Chess.com"]
[Date "2019.04.02"]
[Round "4"]
[White "Yoshkinkot"]
[Black "biostatistician"]
[Result "1-0"]
[WhiteElo "2547"]
[BlackElo "2551"]
[TimeControl "180+2"]
[EndTime "14:50:43 PDT"]
[Termination "Yoshkinkot won by resignation"]

1. e4 e6 2. d3 d5 3. Nd2 Nc6 4. g3 Nf6 5. Bg2 Bc5 6. c3 dxe4 7. Nxe4 Nxe4 8. Bxe4 Qf6 9. d4 Bd6 10. Nf3 h6 11. h4 O-O 12. Qd3 Re8 13. Be3 e5 14. d5 Bg4 15. Bg5 hxg5 16. hxg5 Qe7 17. dxc6 bxc6 18.
g6 Rab8 19. gxf7+ Qxf7 20. Ng5 Qf6 21. Qc4+ Be6 22. Nxe6 Qxe6 23. Qxc6 Kf8 24. Rh8+ Ke7 25. Rxe8+ Rxe8 26. O-O-O Qxa2 27. Bd5 Qa5 28. f4 Qb6 29. fxe5 Bxe5 30. Qc4 Qe3+ 31. Kc2 Qxg3 32. Qc5+ Bd6 33. Qxa7 Rf8 34. Rd2 Rf4 35. Re2+ Kf6 36. Qa8 Qg6+ 37. Kb3 Kg5 38. Qd8+ Qf6 39. Qe8 Bc5 40. Rg2+ Rg4 41. Rh2 Qb6+ 42. Kc2 Qg6+ 43. Qxg6+ Kxg6 44. Kd3 Bd6 45. Re2 Rg3+ 46. Kc4 Kf6 47. Kb5 g5 48. c4 Rb3+ 49.
Kc6 g4 50. c5 Bf4 51. Bxb3 1-0

[Event "*** Titled Tuesday Blitz"]
[Site "Chess.com"]
[Date "2019.04.02"]
[Round "4"]
[White "penguingm1"]
[Black "Paralinch"]
[Result "1-0"]
[WhiteElo "2968"]
[BlackElo "2811"]
[TimeControl "180+2"]
[EndTime "14:50:47 PDT"]
[Termination "penguingm1 won by resignation"]

1. d4 d5 2. Bf4 c5 3. e3 Nc6 4.
Nf3 Nf6 5. Nbd2 Bf5 6. dxc5 e6 7.
Nd4 Bxc5 8. Nxf5 exf5 9. Nb3 Bb6 10. Bd3 Ne4 11. Qf3 Qf6 12. c3 O-O 13. O-O Ne5 14.
Bxe5 Qxe5 15. Rad1 Rad8 16. Rfe1 g6 17. Bf1 Rfe8 18.
g3 h5 19. Rd3 h4 20. Red1 hxg3 21. hxg3 Kg7 22. Bg2 a6 23. Qf4 Qe6 24. Nd4 Qf6 25. Nc2 g5 26. Qf3 Qe5 27. Nb4 g4 28.
Qf4 Qxf4 29. gxf4 g3 30. fxg3 Nxg3 31. Nxd5 Ba7 32. Kf2 Nh5 33. Bf3 Rxd5 34. Rxd5 Bxe3+ 35. Kf1 Ng3+ 36. Kg2 Bxf4 37. Rd7 Kf6 38. Rxb7 Ne4 39. Rb6+ Ke5 40. Rxa6 Rg8+ 41. Kf1 Be3 42. Ke2 Bc5 43.
Rd7 Rg1 44. Rc6 Ng3+ 45. Kd2 Bf2 46. Rxf7 Kf4 47. Bd5 Nf1+ 48. Kd3 Ne3 49. Bb3 Ng4 50. Re6 Ne5+ 51. Rxe5 Kxe5 52. Bc2 Bh4 53. a4 Rg2 54. a5 Bg5 55. a6 1-0

[Event "*** Titled Tuesday Blitz"]
[Site "Chess.com"]
[Date "2019.04.02"]
[Round "4"]
[White "RayRobson"]
[Black "Shahinyan_ChessMood"]
[Result "1-0"]
[WhiteElo "2847"]
[BlackElo "2608"]
[TimeControl "180+2"]
[EndTime "14:50:48 PDT"]
[Termination "RayRobson won by checkmate"]

1. c4 e6 2. Nc3 f5 3. g3 Nf6 4. Bg2 Be7 5. d4 d5 6. Nh3 O-O 7. O-O c6 8. Rb1 a5 9. a3 dxc4 10. b3 cxb3 11. Qxb3 Kh8 12. Rd1 Nd5 13. Nf4 Na6 14.
e4 fxe4 15. Nxe4 Nac7 16. Nc5 a4 17. Qc2 Nxf4 18. Bxf4 Nd5 19. Be5 b6 20. Nxa4 b5 21. Nc3 Rxa3 22. Nxd5 cxd5 23. Rxb5 Ba6 24. Rbb1 Bc4 25.
Rb2 Bf6 26. Bf4 Qd7 27. Bh3 Be7 28. Re1 Rxf4 29. Bxe6 Qd6 30. gxf4 Qxf4 31. Qf5 Bd6 32. Qxf4 Bxf4 33. Bf5 g6 34. Bg4 Kg7 35. Kg2 h5 36.
Bf3 Kh6 37. h3 Ra6 38. Re8 Kg5 39. Re7 Rf6 40. Rd7 Rf5 41. Rb6 Bd2 42. Rg7 Bf1+ 43. Kxf1 Rxf3 44. Rgxg6+ Kh4 45. Kg2 Rf4 46. Rgd6 Rxd4 47. Rb5 Bf4 48. Rdxd5 Re4 49. Rxh5# 1-0

[Event "*** Titled Tuesday Blitz"]
[Site "Chess.com"]
[Date "2019.04.02"]
[Round "4"]
[White "Kirill_Klukin"]
[Black "riconaipe"]
[Result "0-1"]
[WhiteElo "2579"]
[BlackElo "2421"]
[TimeControl "180+2"]
[EndTime "14:50:48 PDT"]
[Termination "riconaipe won by resignation"]

1. d4 d5 2. Nf3 e6 3. c4 Bb4+ 4. Nc3 Ne7 5. Bg5 f6 6. Bd2 O-O 7. e3 b6 8. cxd5 exd5 9. Bd3 Bf5 10. Bxf5 Nxf5 11. Qb3 Bxc3 12. bxc3 c6 13. c4 Kh8 14.
O-O dxc4 15. Qxc4 Qd5 16. Qc2 Nd6 17. Bb4 Re8 18. Bxd6 Qxd6 19. Rfc1 Rc8 20. a4 Nd7 21. Nd2 c5 22. Nc4 Qe6 23. Na3 Rd8 24. Nb5 Qf7 25. d5 Ne5 26. e4 f5 27. f3 fxe4 28.
fxe4 Qf4 29. Kh1 Ng4 30. g3 Qxe4+ 31. Qxe4 Nf2+ 32. Kg2 Nxe4 33. Re1 Nd6 34. Nc7 Rac8 35. Ne6 Re8 36. a5 b5 37. Rec1 c4 38. a6 b4 39.
Rab1 b3 40. Nd4 Rc5 41. Nxb3 Rxd5 42. Na1 Rd2+ 43. Kh3 h5 44. Rc2 Rd4 45. Rb4 h4 46. Rf2 hxg3 47. hxg3 Rd3 48. Nc2 Kh7 49. Kg4 Re6 50.
Rb8 Rg6+ 51. Kf4 Rf6+ 0-1

[Event "*** Titled Tuesday Blitz"]
[Site "Chess.com"]
[Date "2019.04.02"]
[Round "4"]
[White "almaguerjm"]
[Black "cstevens1"]
[Result "0-1"]
[WhiteElo "2287"]
[BlackElo "2710"]
[TimeControl "180+2"]
[EndTime "14:50:48 PDT"]
[Termination "cstevens1 won by resignation"]

1. d4 Nf6 2. Nf3 d5 3. Bf4 c5 4. e3 cxd4 5. exd4 Nc6 6. c3 a6 7.
Bd3 Bg4 8. Nbd2 e6 9. h3 Bh5 10. g4 Bg6 11. Bxg6 hxg6 12. Qb3 Na5 13. Qc2 Nxg4 14.
Ne5 Nxe5 15. Bxe5 Nc6 16. Bg3 Bd6 17. O-O-O Rc8 18. Nf3 Qc7 19. Bxd6 Qxd6 20. Kb1 Qf4 21. Qd3 Qf5 22. Qxf5 gxf5 23. Rdg1 g6 24. h4 Ke7 25.
Rg5 Rh7 26. Rhg1 Kf6 27. Re1 b5 28. Rgg1 a5 29. a3 b4 30. axb4 axb4 31. Re3 Rhh8 32. Kc2 bxc3 33. bxc3 Na5 34. Ra1 Nc4 35. Ree1 Nd6 36. Ra7 Rxc3+ 37. Kxc3 Nb5+ 38. Kb4 Nxa7 39. Kc5 Rc8+ 40. Kb6 Nc6 41. Rc1 Ne7 42. Ra1 Rc4 43. Kb5 Nc6 44. Rd1 Ke7 45. Rd2 Kd6 46. Rd1 f6 47. Rd2 e5 48. dxe5+ fxe5 49. h5 gxh5 50. Ng5 Nd4+ 51. Kb6 Rc2 52. Rd3 Rxf2 53. Rh3 Rb2+ 54. Ka5 Nc6+ 55. Ka4 Rb4+ 56. Ka3 h4 57. Rc3 Rc4 58. Rh3 Rg4 59. Kb2 Nd4 60. Nf7+ Ke6 61. Nh6 Rg2+ 62. Kc3 Rg3+ 0-1

[Event "*** Titled Tuesday Blitz"]
[Site "Chess.com"]
[Date "2019.04.02"]
[Round "4"]
[White "martinmartinez95"]
[Black "Alopekos"]
[Result "1-0"]
[WhiteElo "2562"]
[BlackElo "2483"]
[TimeControl "180+2"]
[EndTime "14:50:50 PDT"]
[Termination "martinmartinez95 won by resignation"]

1. d4 Nf6 2. c4 e6 3. Nf3 d5 4. Nc3 c5 5. cxd5 cxd4 6. Qa4+ Bd7 7. Qxd4 exd5 8. Nxd5 Qa5+ 9. Nc3 Nc6 10. Qe3+ Be7 11. Bd2 O-O 12. Qg5 Qb6 13. Qb5 Qc7 14. Rc1 h6 15. e3 Rad8 16. Qc4 Be6 17. Qa4 Qb6 18. a3 a6 19. Qc2 Bb3 20. Qb1 Rd7 21.
Bd3 Rfd8 22. Bc2 Na5 23. Rd1 Bxc2 24. Qxc2 Nc4 25. Bc1 Rxd1+ 26. Nxd1 Qa5+ 27. b4 Qb5 28. O-O Nb6 29. Nc3 Qc4 30. Bb2 Rc8 31. Nd2 Qc6 32.
Rc1 Nfd5 33. Nde4 f5 34. Nc5 Bxc5 35. Nxd5 Qxd5 36. bxc5 Nd7 37. Bd4 b6 38. c6 Nc5 39.
Bxc5 Rxc6 40. Qc4 Rxc5 41. Qxd5+ Rxd5 42. Kf1 Rd3 43. Rc6 Rxa3 44. Rxb6 Ra2 45. g3 Kf7 46. h4 g6 47. Kg2 a5 48. h5 gxh5 49. Rxh6 a4 50. Rxh5 Kg6 51. Rh8 a3 52. Ra8 Ra1 53. Kf3 a2 54. Kf4 Kf6 55. Ra6+ Ke7 56.
Kxf5 1-0

[Event "*** Titled Tuesday Blitz"]
[Site "Chess.com"]
[Date "2019.04.02"]
[Round "4"]
[White "martinjogstad99"]
[Black "Eliwood44"]
[Result "0-1"]
[WhiteElo "2211"]
[BlackElo "2222"]
[TimeControl "180+2"]
[EndTime "14:50:50 PDT"]
[Termination "Eliwood44 won by resignation"]

1. d4 Nf6 2. c4 e6 3. g3 d5 4.
Nf3 Be7 5. Bg2 O-O 6. O-O dxc4 7. Ne5 Nc6 8. Nxc6 bxc6 9. Na3 Bxa3 10. bxa3 Nd5 11.
Qa4 Nb6 12. Qa5 Bb7 13. a4 Qxd4 14. Ba3 Rfd8 15. e3 Qd3 16. Qc5 Nxa4 17. Qb4 Nb6 18. Qc5 Rd5 19. Bxd5 Qxd5 20. Rfd1 Qxc5 21. Bxc5 Nd5 22.
Rac1 Ba6 23. e4 Nf6 24. f3 h5 25. Kf2 Rb8 26. Rb1 Rb5 27. Bxa7 Ra5 28. Be3 Rxa2+ 29.
Rd2 Ra3 30. Rb8+ Kh7 31. Ra8 c3 32. Rc2 e5 33. Bc5 Ra5 34. Bb4 Rb5 35. Bxc3 Bb7 36. Rb8 Nd7 37. Rd8 Nc5 38. Rb2 f6 39. Rxb5 cxb5 40.
Bb4 Ne6 41. Rb8 Bc6 42. Ke3 Kg6 43. Ba5 Bd7 44. Bxc7 Nxc7 45. Rb7 Ne6 46. Rxd7 Nd4 47. Rb7 Kh6 48. h4 g6 49. Rb6 Kg7 50. Rb7+ Kh6 51.
f4 b4 52. Kd3 b3 53. fxe5 fxe5 54. Kc3 Ne2+ 55. Kxb3 Nxg3 56. Rb4 g5 57. hxg5+ Kxg5 58. Kc3 h4 59. Kd3 h3 60. Rb2 Kf4 61. Rf2+ Kg4 62. Ke3 h2 63. Rxh2 Nf1+ 64. Kd3 Nxh2 65. Kc4 Kf4 66.
Kd5 Nf3 0-1

[Event "*** Titled Tuesday Blitz"]
[Site "Chess.com"]
[Date "2019.04.02"]
[Round "4"]
[White "nochewycandy"]
[Black "francogreek"]
[Result "1-0"]
[WhiteElo "2364"]
[BlackElo "2400"]
[TimeControl "180+2"]
[EndTime "14:50:50 PDT"]
[Termination "nochewycandy won by resignation"]

1. c4 g6 2. g3 Bg7 3. Bg2 Nf6 4. Nc3 O-O 5. d4 d6 6. Nf3 Nbd7 7. O-O e5 8. d5 a5 9. Ne1 Nc5 10. e4 Ne8 11. Be3 f5 12. exf5 gxf5 13. f4 b6 14. Nd3 e4 15. Nf2 Qf6 16. Rc1 a4 17. b4 axb3 18. axb3 Ra3 19. Nb5 Ra2 20. b4 Nb7 21.
g4 Qg6 22. g5 h6 23. h4 hxg5 24. hxg5 Bd7 25. Nd4 Kf7 26. Bh3 Rh8 27. Kg2 Ba4 28.
Bxf5 Bxd1 29. Bxg6+ Kxg6 30. Rcxd1 Bxd4 31. Rxd4 Ng7 32.
Rxe4 Nf5 33. Re6+ Kg7 34. Kf3 Nd8 35. Re4 Ra3 36. Re1 Nf7 37. Kg2 Nh4+ 38. Kf1 Nf3 39. Rd1 Rh2 40. Ke2 Nh4 41. Bd4+ Kg6 42. Rd3 Ra2+ 43.
Rd2 Rxd2+ 44. Kxd2 Nf5 45. Ke1 Nd8 46. Bf6 Nb7 47. Re8 b5 48. Rg8+ Kf7 49. Rb8 bxc4 50. Rxb7 Ne3 51. Rxc7+ Kg6 52. Ke2 Ng4 53. Rxc4 Rxf2+ 54.
Ke1 Kf5 55. b5 Rb2 56. Bxb2 1-0